cohdb
Replays
Latest Replays
All Replays
Popular Replays
Top Player Replays
Match Explorer
How It Works
Community
CoH3 Stats
Reddit
Sign in to upload your games and track your stats! →
Sign in with Steam
Match 43639429
Unlisted
Match 43639429
Overview
Messages
Build Orders
End
Royal Engineer Section
Construct Section Command Post
Selects Heavy Armor Battlegroup
Dingo Light Scout Car
Infantry Section
Infantry Section
Infantry Section
Construct Platoon Command Post
Selects Engineer Detachments
Unlock M3 Stuart Light Tanks
M3 Stuart Light Tank
Selects Forward Repair Assembly
M3 Stuart Light Tank
M3 Stuart Light Tank
M3 Stuart Light Tank
Infantry Section
Light Vehicle Training
Royal Engineer Section
6-pounder Anti-tank Gun Team
6-pounder Anti-tank Gun Team
Construct Company Command Post
Foot Guards Section
6-pounder Anti-tank Gun Team
Menty
Ghost
Symbiosis
CAuMOH
0
0
Comments
sign in to comment!
No comments posted yet!